 Dungeon Crawl Stone Soup version 0.29.1-12-g30fa7ad0bf (webtiles) character file.

Game seed: 17307799152942581390

4 xian the Sneak (level 1, 0/14 HPs)
             Began as an Octopode Brigand on Jan 6, 2023.
             Frozen to death by an endoplasm (3 damage)
             ... on level 1 of the Dungeon.
             The game lasted 00:00:17 (75 turns).

xian the Sneak (Octopode Brigand)                     Turns: 75, Time: 00:00:18

Health: 0/14       AC:  1    Str: 10    XL:     1   Next: 70%
Magic:  1/1        EV: 12    Int: 13    God:
Gold:   0          SH:  0    Dex: 13    Spells: 0/0 levels left

rFire   . . .      SeeInvis .   a - +2 dagger
rCold   . . .      Faith    .   (no shield)
rNeg    . . .      Spirit   .   (helmet restricted)
rPois   .          Reflect  .   (no amulet)
rElec   .          Harm     .   (no ring)
rCorr   .          Rampage  .   (no ring)
Will    .....                   (no ring)
Stlth   ++++......              (no ring)
HPRegen 0.04/turn               (no ring)
MPRegen 0.07/turn               (no ring)
                                (no ring)
                                (no ring)

@: no status effects
A: almost no armour, amphibious, 8 rings, camouflage 1, gelatinous body 1,
(nimble swimmer 1), tentacles
a: no special abilities


You were on level 1 of the Dungeon.
You visited 1 branch of the dungeon, and saw 1 of its levels.

Inventory:

Hand Weapons
 a - a +2 dagger (weapon)
 d - a +0 sling
Missiles
 b - 9 poisoned darts (quivered)
 c - 3 curare-tipped darts
Scrolls
 e - a scroll of enchant weapon {unknown}


   Skills:
 + Level 2.0 Fighting
 + Level 2.0 Short Blades
 + Level 2.0 Throwing
 + Level 1.0 Dodging
 + Level 5.7 Stealth


You couldn't memorise any spells.
You didn't know any spells.
Your spell library was empty.

Dungeon Overview and Level Annotations

Branches:
Dungeon (1/15)

Altars:


Innate Abilities, Weirdness & Mutations

You cannot wear most types of armour.
You are amphibious.
You can wear up to eight rings at the same time.
Your skin changes colour to match your surroundings (Stealth+).
Your rubbery body absorbs attacks. (AC +1, EV +1)
((You are camouflaged when in or above water. (Stealth+)))
You have tentacles for arms and can constrict up to eight enemies at once.


Message History

There is an open door here.
Found a stone staircase leading down.
A goblin comes into view. It is wielding a +0 club.
Found 8 gold pieces and 2 scrolls labelled CIRANY HOTU.
You see here a scroll labelled LAILEW CETYI.
e - a scroll labelled LAILEW CETYI The goblin shouts!
You closely miss the goblin. Your grab misses the goblin.
The goblin hits you with a +0 club.
An endoplasm comes into view.
The endoplasm quivers.
You hit the goblin. You grab the goblin.
The goblin is almost dead.
You constrict the goblin.
You kill the goblin!
A rat comes into view.
Things that are here:
a +0 club; a goblin corpse You barely miss the rat.
Your grab misses the rat. The rat completely misses you.
You hit the rat. You grab the rat. You squeeze the rat.
You kill the rat!
The endoplasm barely misses you. The endoplasm hits you.
The endoplasm freezes you.
You are frozen.
You see here 8 gold pieces.
You completely miss the endoplasm.
You tentacle-slap the endoplasm, but do no damage.
The endoplasm hits you.
You barely miss the endoplasm. The endoplasm hits you.
You hit the endoplasm.
The endoplasm is severely wounded.
The endoplasm hits you.
* * * LOW HITPOINT WARNING * * *
You completely miss the endoplasm.
The endoplasm is severely wounded.
The endoplasm freezes you.
You are frozen.
You die...

##.....####>......
#...#...##.......#
###.#.#............#
#.............#.?..#
...................####
.......................
.##..#.............#
###...........).J..# #
##.#..........@..#
#...............#
.............##.##
.####........# .#
#........# .#
..######### .# #. .# ..


You could see an endoplasm.

Vanquished Creatures
  A goblin (D:1)
  2 hobgoblins (D:1)
  A rat (D:1)
4 creatures vanquished.

Notes
Turn   | Place    | Note
-------+----------+-------------------------------------------
     0 | D:1      | xian the Octopode Brigand began the quest for the Orb.
     0 | D:1      | Reached XP level 1. HP: 14/14 MP: 1/1
    75 | D:1      | Frozen to death by an endoplasm

Illustrated notes

Levels and vault maps discovered:
D:1:      dpeg_arrival_houses_and_road, layout_rooms, serial_glass,
          glass_columns_a, glass_columns_c, nicolae_titane

Action                   || total
-------------------------++-------
Melee: Dagger            ||    10
       Constrict         ||     2
       Punch             ||     1
       Tentacles         ||     1
 Stab: Sleeping          ||     2
Dodge: Dodged            ||     2
